 Dungeon Crawl Stone Soup version 0.29.0-11-gd7f09526c8 (webtiles) character file.

Game seed: 5400678354075813027

95 Shayle the Sneak (level 4, -4/28 HPs)
             Began as a Tengu Brigand on Sept 5, 2022.
             Was an Initiate of Vehumet.
             Slain by Grinder (8 damage)
             ... on level 3 of the Dungeon.
             The game lasted 00:08:49 (2839 turns).

Shayle the Sneak (Tengu Brigand)                    Turns: 2839, Time: 00:08:49

Health: -4/28      AC:  5    Str: 11    XL:     4   Next: 65%
Magic:  7/7        EV: 16    Int: 14    God:    Vehumet [......]
Gold:   81         SH:  0    Dex: 15    Spells: 6/6 levels left

rFire   . . .      SeeInvis .   a - +2 dagger
rCold   . . .      Faith    .   (no shield)
rNeg    . . .      Spirit   .   f - +0 leather armour
rPois   .          Reflect  .   (helmet restricted)
rElec   .          Harm     .   c - +0 cloak
rCorr   .          Rampage  .   l - +0 pair of gloves
Will    .....                   (boots unavailable)
Stlth   ++........              (no amulet)
HPRegen 0.09/turn               h - +4 ring of evasion
MPRegen 0.10/turn               g - ring of wizardry

@: no status effects
A: beak, talons 3
a: Renounce Religion


You were on level 3 of the Dungeon.
You worshipped Vehumet.
Vehumet was noncommittal.
You visited 1 branch of the dungeon, and saw 3 of its levels.

You collected 81 gold pieces.

Inventory:

Hand Weapons
 a - a +2 dagger (weapon)
 A - a +2 short sword of venom
Missiles
 d - 17 poisoned darts
 e - 3 curare-tipped darts (quivered)
Armour
 b - a +0 robe
 c - a +0 cloak (worn)
 f - a +0 leather armour (worn)
 l - a +0 pair of gloves (worn)
Jewellery
 g - a ring of wizardry (right hand)
 h - a +4 ring of evasion (left hand)
Scrolls
 j - a scroll of butterflies
 k - 2 scrolls of teleportation
 m - 2 scrolls of magic mapping
 o - a scroll of torment {unknown}
 p - a scroll of noise {unknown}
 q - a scroll of blinking {unknown}
 t - a scroll of vulnerability {unknown}
 v - a scroll of enchant armour {unknown}
 w - a scroll of fear {unknown}
 y - 2 scrolls of identify
Potions
 i - 2 potions of brilliance
 n - a potion of attraction
 r - a potion of resistance {unknown}
 s - a potion of magic {unknown}
 u - 2 potions of mutation {unknown}
 x - 2 potions of invisibility {unknown}
 z - a potion of heal wounds


   Skills:
 + Level 3.1 Fighting
 - Level 2.1 Short Blades
 - Level 2.0 Throwing
 + Level 2.8 Dodging
 - Level 4.0 Stealth
 + Level 1.9 Spellcasting


You had 6 spell levels left.
You didn't know any spells.
Your spell library contained the following spells:

 Spells                   Type           Power      Damage    Failure   Level
 Gell's Gravitas          Tloc           1%         N/A       34%         3
 Lesser Beckoning         Tloc           1%         N/A       34%         3
 Teleport Other           Tloc           1%         N/A       34%         3
 Animate Armour           Summ/Erth      2%         N/A       75%         4
 Blade Hands              Tmut           0%         N/A       96%         5
 Iron Shot                Conj/Erth      0%         9d1       100%        6


Dungeon Overview and Level Annotations

Branches:
Dungeon (3/15)

Altars:
Dithmenos
Elyvilon
Vehumet

Annotations:
D:3 Grinder


Innate Abilities, Weirdness & Mutations

You have a beak for a mouth.
You have claws for feet.


Message History

k - 2 scrolls of teleportation (gained 1)
There is a stone staircase leading up here.
Found a ring mail.
Grinder comes into view.
The helpless Grinder fails to defend herself.
You impale Grinder!! You claw Grinder.
Grinder is severely wounded.
You hit Grinder. You claw Grinder, but do no damage.
Grinder is severely wounded.
Grinder says, "Don't move a muscle."
Grinder closely misses you.
You hit Grinder but do no damage. Your kick misses Grinder.
Grinder is severely wounded.
Grinder rolls her eyes.
Grinder closely misses you.
You barely miss Grinder. You peck Grinder.
Grinder is severely wounded.
Grinder gestures at you. Pain shoots through your body!
You hit Grinder but do no damage. Your peck misses Grinder.
Grinder is severely wounded.
Grinder hits you.
You writhe in agony.
You closely miss Grinder. Your peck misses Grinder.
Grinder is severely wounded.
Grinder barely misses you.
You hit Grinder but do no damage. Your kick misses Grinder.
Grinder is severely wounded.
Grinder hits you.
You barely miss Grinder. Your kick misses Grinder. Your peck misses Grinder.
Grinder is severely wounded.
Grinder hits you but does no damage.
You hit Grinder.
Grinder is severely wounded.
Grinder gestures at you. Pain shoots through your body!
* * * LOW HITPOINT WARNING * * *
You hit Grinder.
Grinder is almost dead.
Grinder hits you!
You die...

≈~.~ ~~.~ ♣♣. #
♣~~P.~≈ ♣..
~♣♣♣≈≈≈.~~~PP ..#
♣~~≈P≈≈.PPP~♣ #.#
♣~≈~≈≈≈.P~~~♣ #.#
PP~~≈≈~.~~~♣ #.#
~~P~~~~.~P~ #5#
~~~~~~~.P~♣#####@#
~P~~P~~.♣~.......#
#♣P~~♣....#####..#
.....)....# #..#
#########.# #..#
#.# #..# #.# #..#
#.# #..# #.# #.##


You could see Grinder.

Vanquished Creatures
  4 adders
  A worm (D:2)
  5 orcs (D:3)
  4 ball pythons
  5 endoplasms
  2 giant cockroaches
  4 hobgoblins
  2 jackals (D:3)
  5 kobolds
  3 quokkas
  5 bats
  2 frilled lizards
  2 goblins
  4 rats
48 creatures vanquished.

Notes
Turn   | Place    | Note
-------+----------+-------------------------------------------
     0 | D:1      | Shayle the Tengu Brigand began the quest for the Orb.
     0 | D:1      | Reached XP level 1. HP: 12/12 MP: 2/2
   235 | D:1      | Reached XP level 2. HP: 17/17 MP: 3/3
   577 | D:2      | Identified the +3 arbalest of the Beginning {venom, Drain
                  | rF++ Will- Str+9}
   639 | D:2      | Reached skill level 1 in Spellcasting
   967 | D:2      | Reached XP level 3. HP: 22/22 MP: 5/5
   977 | D:2      | Found a faded altar of an unknown god.
  1753 | D:2      | Reached XP level 4. HP: 26/27 MP: 7/7
  1949 | D:3      | Found a radiant altar of Vehumet.
  1993 | D:3      | Became a worshipper of Vehumet
  2520 | D:3      | Found a white marble altar of Elyvilon.
  2727 | D:3      | Found a shadowy altar of Dithmenos.
  2804 | D:3      | Noticed Grinder
  2839 | D:3      | Slain by Grinder

Illustrated notes

Levels and vault maps discovered:
D:1:      minmay_arrival_stone_box, layout_basic, columned_hall_lemuel,
          serial_bayou_pond_d, minmay_misc_feat_ornament
D:2:      layout_basic, ebering_ecumenical_altar_ruins, minmay_pentomino_v4
D:3:      layout_loops_ring, mainiacjoe_overflow_brackets,
          mainiacjoe_overflow_large_starburst, serial_bayou,
          serial_bayou_lagoon_b, serial_bayou_crossing, serial_bayou_pond_d,
          serial_bayou_pond_a, serial_bayou_pond_e, uniq_ijyb, uniq_grinder

Skill      XL: |  1  2  3  4 |
---------------+-------------+-----
Spellcasting   | 1 |  1.9
Dodging        | 2 |  2.8
Fighting       | 3 |  3.1
Short Blades   | |  2.1
Throwing       | |  2.0
Stealth        | |  4.0

Action                   |  1- 3 |  4- 6 || total
-------------------------+-------+-------++-------
Melee: Dagger            |    78 |    50 ||   128
       Kick              |    16 |    13 ||    29
       Peck              |    10 |     5 ||    15
       Punch             |     1 |       ||     1
Throw: Dart              |     2 |     2 ||     4
  Use: Scroll            |     7 |       ||     7
       Potion            |     1 |       ||     1
 Stab: Sleeping          |     4 |     5 ||     9
Armor: Robe              |     2 |       ||     2
       Leather armour    |    17 |     9 ||    26
Dodge: Dodged            |    42 |    35 ||    77
